 Dungeon Crawl Stone Soup version 0.29-a0-360-g8ed1089bbe (webtiles) character file.

Game seed: 6418189090313634389

18 ytrimaz the Sneak (level 2, -2/19 HPs)
             Began as an Octopode Brigand on Apr 28, 2022.
             Slain by a jackal (3 damage)
             ... on level 2 of the Dungeon.
             The game lasted 00:00:51 (819 turns).

ytrimaz the Sneak (Octopode Brigand)                 Turns: 819, Time: 00:00:52

Health: -2/19      AC:  1    Str: 10    XL:     2   Next: 70%
Magic:  2/2        EV: 12    Int: 19    God:
Gold:   76         SH:  0    Dex: 13    Spells: 1/1 levels left

rFire   . . .      SeeInvis .   a - +2 dagger
rCold   . . .      Faith    .   (no shield)
rNeg    . . .      Spirit   .   (helmet restricted)
rPois   .          Reflect  .   (no amulet)
rElec   .          Harm     .   d - +6 ring of intelligence
rCorr   .          Rampage  .   (no ring)
Will    .....                   (no ring)
Stlth   ++++......              (no ring)
HPRegen 0.06/turn               (no ring)
MPRegen 0.08/turn               (no ring)
                                (no ring)
                                (no ring)

@: no status effects
A: almost no armour, amphibious, 8 rings, camouflage 1, gelatinous body 1,
(nimble swimmer 1), tentacles
a: no special abilities


You were on level 2 of the Dungeon.
You visited 1 branch of the dungeon, and saw 2 of its levels.

You collected 76 gold pieces.

Inventory:

Hand Weapons
 a - a +2 dagger (weapon)
Missiles
 b - 9 poisoned darts (quivered)
 c - 3 curare-tipped darts
Jewellery
 d - a +6 ring of intelligence (left tentacle)
Scrolls
 f - a scroll of holy word
 g - a scroll of fear {unknown}


   Skills:
 - Level 2.0 Fighting
 - Level 2.0 Short Blades
 - Level 2.0 Throwing
 - Level 1.0 Dodging
 * Level 6.5 Stealth


You had one spell level left.
You didn't know any spells.
Your spell library contained the following spells:

 Spells                   Type           Power      Damage    Failure   Level
 Animate Skeleton         Necr           0%         N/A       21%         1
 Apportation              Tloc           0%         N/A       21%         1
 Summon Small Mammal      Summ           0%         N/A       21%         1


Dungeon Overview and Level Annotations

Branches:
Dungeon (2/15)

Altars:


Innate Abilities, Weirdness & Mutations

You cannot wear most types of armour.
You are amphibious.
You can wear up to eight rings at the same time.
Your skin changes colour to match your surroundings (Stealth+).
Your rubbery body absorbs attacks. (AC +1, EV +1)
((You are camouflaged when in or above water. (Stealth+)))
You have tentacles for arms and can constrict up to eight enemies at once.


Message History

The bat is severely wounded.
You constrict the bat.
You kill the bat!
No target in view!
You see here a bat corpse.
A worm comes into view.
Found a bubbling silvery potion.
A worm is nearby!
A worm is nearby!
Found a sapphire potion.
A jackal comes into view.
The jackal barks!
A jackal comes into view.
A jackal comes into view.
The jackal moves out of view.
The jackal barks!
You hit the worm. You grab the worm.
The worm is lightly wounded.
You constrict the worm. The worm bites you!
You hit the worm.
The worm is moderately wounded.
You constrict the worm. The jackal closely misses you.
The worm bites you but does no damage.
You hit the worm.
The worm is heavily wounded.
You constrict the worm.
You release your grip on the worm.
Unknown command.
The jackal bites you. The jackal attacks as you move away!
The jackal bites you. x2
You aren't carrying any potions.
The jackal attacks as you move away! The jackal bites you.
* * * LOW HITPOINT WARNING * * *
The jackal closely misses you. The jackal attacks as you move away!
The jackal bites you.
* * * LOW HITPOINT WARNING * * *
The jackal bites you.
* * * LOW HITPOINT WARNING * * *
The jackal attacks as you move away! The jackal bites you.
You die...

...........# #....#........#
...........# ...#........###
...........# #. .. ..#.......#
...........# #.# #.##.#.#.....#
...........# ###.# #.##.#.#..!..#
...........##....###.............
..........#...###...............#
......................#....!....#
##..##..#.......@h####...........
#...>...##..####.hh....#..#....##
#...........# ###..<...####+###
#.......##.## ##.....##
#.......##.# #..(..##
#.......##.######.#..##
........##........†..#
........#............#
.####.###.#..........#


You could see 3 jackals.

Vanquished Creatures
  2 endoplasms (D:1)
  2 giant cockroaches
  2 goblins (D:1)
  2 hobgoblins (D:1)
  A quokka (D:1)
  2 ball pythons
  2 bats
  A kobold (D:1)
  4 rats (D:1)
18 creatures vanquished.

Notes
Turn   | Place    | Note
-------+----------+-------------------------------------------
     0 | D:1      | ytrimaz the Octopode Brigand began the quest for the Orb.
     0 | D:1      | Reached XP level 1. HP: 14/14 MP: 1/1
   183 | D:1      | Reached skill level 6 in Stealth
   183 | D:1      | Reached XP level 2. HP: 19/19 MP: 2/2
   819 | D:2      | Slain by a jackal

Illustrated notes

Levels and vault maps discovered:
D:1:      sevenhm_arrival_forest_fort_small_6, layout_loops_ring
D:2:      layout_rooms, kennysheep_generic_room_9

Skill      XL: |  1 |
---------------+----+-----
Stealth        | 6 |  6.5
Fighting       | |  2.0
Short Blades   | |  2.0
Throwing       | |  2.0
Dodging        | |  1.0

Action                   || total
-------------------------++-------
Melee: Dagger            ||    26
       Tentacles         ||     3
       Constrict         ||     3
  Use: Scroll            ||     1
 Stab: Sleeping          ||    11
Armor: Skin              ||     2
Dodge: Dodged            ||     9

Table legend: (Time is in decaauts)
 A = Elapsed time spent in this place.
 B = Non-inter-level travel time spent in this place.
 C = Inter-level travel time spent in this place.
 D = Time resting spent in this place.
 E = Time spent auto-exploring this place.
 F = Levels seen in this place.
 G = Mean time per level.
                   A        B        C        D        E       F      G
               +--------+--------+--------+--------+--------+-----+--------+
         Total |    815 |    802 |     13 |     68 |    577 |   2 |  407.5 |
       Dungeon |    815 |    802 |     13 |     68 |    577 |   2 |  407.5 |
               +--------+--------+--------+--------+--------+-----+--------+

Top non-repeatable levels by time:
     D:1: 561 daAuts
     D:2: 253 daAuts
